 Dungeon Crawl Stone Soup version 0.32-a0-12-g7fc57aa741 (webtiles) character file.

Game seed: 16012433813235933136

5858 jasper the Geomancer (level 10, -2/78 HPs)
             Began as a Demigod Earth Elementalist on Jan 15, 2024.
             Slain by a smoke demon (5 damage)
             ... on level 1 of the Abyss.
             The game lasted 00:14:42 (9284 turns).

jasper the Geomancer (Demigod Earth Elementalist)   Turns: 9284, Time: 00:14:42

Health: -2/78      AC:  9    Str:  9    XL:     10   Next: 27%
Magic:  28/30      EV: 13    Int: 29    God:
Gold:   527        SH:  0    Dex: 14    Spells: 3/19 levels left

rFire   . . .        J - staff of earth
rCold   . . .        (no shield)
rNeg    . . .        L - +0 steam dragon scales
rPois   .            t - +0 helmet
rElec   .            v - +0 cloak
rCorr   .            k - +1 pair of gloves
SInv    +            (no boots)
Will    +....        (no amulet)
Stlth   +            l - ring of see invisible
HPRegen 0.33/turn    r - ring of magical power
MPRegen 0.22/turn

%: no passive effects
@: on fire, about to teleport, glowing
A: high MP 1, forlorn, divine attributes
a: no special abilities


You were on level 1 of the Abyss.
You visited 1 branch of the dungeon, and saw 10 of its levels.
You visited the Abyss 1 time.

You collected 527 gold pieces.

Inventory:

Hand Weapons
 d - a +0 dagger
 f - a +0 short sword
 n - a +3 scythe of flaming
 z - a +0 hand axe
Missiles
 g - 118 stones
 m - 29 poisoned darts
 q - 3 javelins
Armour
 a - a +0 robe
 e - a +0 ring mail
 k - a +1 pair of gloves (worn)
 p - a +2 animal skin
 t - a +0 helmet (worn)
 v - a +0 cloak (worn)
 x - the +1 plate armour "Zyheox" {rC+ Will+}
   (You found it on level 4 of the Dungeon)

   rC+:       It protects you from cold.
   Will+:     It increases your willpower.
 B - an orb of guile
 L - +0 steam dragon scales (worn)
Magical Staves
 J - a staff of earth (weapon)
Jewellery
 i - an amulet of guardian spirit
 l - a ring of see invisible (left hand)
 r - a ring of magical power (right hand)
 u - a ring of willpower
 y - a ring of willpower
 E - an amulet of reflection
 O - an amulet of the acrobat
Wands
 I - a wand of roots (5)
Scrolls
 A - a scroll of brand weapon
 C - a scroll of blinking
 K - a scroll of fear {unknown}
 M - 2 scrolls of identify
Potions
 b - a potion of magic
 h - 2 potions of brilliance
 j - a potion of attraction
 o - 4 potions of berserk rage
 s - 4 potions of curing
 w - a potion of lignification {unknown}
 D - 2 potions of haste {unknown}
 G - 2 potions of cancellation {unknown}
 H - 2 potions of enlightenment {unknown}
 N - 2 potions of invisibility {unknown}


   Skills:
 - Level 4.0 Fighting
 + Level 7.0 Staves
 - Level 4.5 Dodging
 - Level 1.7 Stealth
 - Level 5.1 Spellcasting
 - Level 2.0 Conjurations
 - Level 2.0 Necromancy
 - Level 2.0 Air Magic
 - Level 8.0 Earth Magic
 - Level 5.0 Evocations


You had 3 spell levels left.
You knew the following spells:

 Your Spells              Type           Power      Damage    Failure   Level
a - Sandblast             Erth           100%       2d20      1%          1
b - Passwall              Erth           69%        N/A       1%          3
c - Stone Arrow           Conj/Erth      100%       3d13      2%          3
d - Sublimation of Blood  Necr           19%        N/A       4%          2
e - Brom's Barrelling Bo  Conj/Erth      53%        2d7       8%          4
f - Swiftness             Air            19%        N/A       9%          3

Your spell library contained the following spells:

 Spells                   Type           Power      Damage    Failure   Level
 Necrotise                Necr           76%        1d7       2%          1
 Shock                    Conj/Air       76%        1d7       2%          1
 Cigotuvi's Dreadful Rot  Necr/Alch/Air  30%        N/A       5%          2
 Freeze                   Ice            28%        1d5       6%          1
 Vampiric Draining        Necr           19%        2d7       9%          3
 Ensorcelled Hibernation  Hex/Ice        14%        N/A       10%         2
 Lesser Beckoning         Tloc           14%        N/A       10%         2
 Hailstorm                Conj/Ice       13%        3d6       12%         3
 Frozen Ramparts          Ice            14%        1d3       19%         3
 Gell's Gravitas          Tloc           7%         N/A       19%         3
 Teleport Other           Tloc           7%         N/A       19%         3
 Animate Armour           Summ/Erth      92%        N/A       12%         4
 Petrify                  Alch/Erth      46%        N/A       12%         4
 Airstrike                Air            9%         2d(2-18)  26%         4
 Dispel Undead            Necr           19%        3d11      26%         4
 Martyr's Knell           Necr/Summ      13%        N/A       38%         4
 Curse of Agony           Necr           19%        N/A       58%         5
 Irradiate                Conj/Alch      6%         3d13      75%         5
 Death Channel            Necr           9%         N/A       99%         6
 Lehudib's Crystal Spear  Conj/Erth      26%        10d7      100%        8


Dungeon Overview and Level Annotations

Branches:
Dungeon (10/15)            Temple (0/1) D:4            Lair (0/5) D:9
    Orc (0/2) D:10

Annotations:
D:10 Erolcha


Innate Abilities, Weirdness & Mutations

You have an increased reservoir of magic. (+10% MP)
You shall have no god before yourself.
Your divine heritage dramatically boosts your attributes as you level up.


Message History

You feel strangely unstable.
You feel the power of the Abyss delaying your translocation!
The purple draconian hits you with a +0 battleaxe!!
* * * LOW HITPOINT WARNING * * *
You take 22 damage, and have 22/78 hp.
MASSIVE DAMAGE!!
The purple draconian breathes dispelling energy at you.
The bolt of dispelling energy misses you.
Blink to where?
Press: ? - help, Dir - move target, p - raiju
As you read the scroll of blinking, it crumbles to dust. 2 smoke demons come into view.
The smoke demon roars! x2; You hear a chilling moan.
You hear a horrible gurgling sound! x3
A hellwing comes into view.
You hear a horrible gurgling sound!
The smoke demon gestures at you. The pyre arrow hits you.
You are covered in intense liquid fire!
The smoke demon gestures at you. Something smites you!
* * * LOW HITPOINT WARNING * * *
You take 13 damage, and have 10/78 hp.
You shake off some of the fire as you move.
The liquid fire burns you!
* * * LOW HITPOINT WARNING * * *
A purple ugly thing comes into view.
You take 8 damage, and have 2/78 hp.
You shake off the liquid fire.
The purple ugly thing gurgles horribly!
You hear a horrible gurgling sound!
You feel better.
You regained 9 hp, and now have 12/78 hp.
The smoke demon gestures at you. The pyre arrow hits you.
You are covered in intense liquid fire!
You shake off some of the fire as you move.
The liquid fire burns you!
* * * LOW HITPOINT WARNING * * *
The smoke demon attacks as it pursues you!
The smoke demon hits you.
You die...

# # # # # .. # ##..#
##...#
###########..#.. #
#.....##3@.#. ... #
# ##.u3.##.# .# ###
#..4.##....###.#...#
#.. ###.#......##.
.# .# ####.#.#.#
.... ##....###h.. #
..#.h


#hh . .u.......#d# ....#...h#.# You could see a purple ugly thing, a hellwing
and 2 smoke demons.

Vanquished Creatures
  An anaconda simulacrum (Abyss:1)
  A harpy zombie (Abyss:1)
  Prince Ribbit (D:8)
  Grinder (D:3)
  Sigmund (D:2)
  4 yaks (D:8)
  3 steam dragons
  2 water moccasins
  6 orc warriors
  2 ice beasts
  A sky beast (D:6)
  4 ogres
  3 centaurs
  Blork the orc (D:5)
  3 kobold brigands (D:8)
  2 bullfrogs
  A gnoll sergeant (D:9)
  3 scorpions
  3 killer bees (D:8)
  A bombardier beetle (D:6)
  4 howler monkeys
  2 jellies
  6 hounds
  2 gnoll boudas
  4 orc priests
  A sleepcap (D:6)
  Natasha (thrice) (D:3)
  Terence (D:2)
  8 iguanas
  6 orc wizards
  Robin (D:3)
  23 gnolls
  4 adders
  2 white imps
  2 ufetubi (D:5)
  2 ribbon worms
  26 orcs
  5 bats
  13 endoplasms
  8 giant cockroaches
  13 goblins
  6 hobgoblins
  2 jackals (D:5)
  19 kobolds
  9 quokkas
  2 ball pythons
  4 frilled lizards
  4 rats
226 creatures vanquished.

Vanquished Creatures (collateral kills)
  10 boulders
10 creatures vanquished.

Vanquished Creatures (others)
  12 boulders
12 creatures vanquished.

Grand Total: 248 creatures vanquished

Notes
Turn   | Place    | Note
-------+----------+-------------------------------------------
     0 | D:1      | jasper the Demigod Earth Elementalist began the quest for
                  | the Orb.
     0 | D:1      | Reached XP level 1. HP: 14/14 MP: 5/5
   116 | D:1      | Reached skill level 3 in Earth Magic
   275 | D:1      | Reached XP level 2. HP: 20/20 MP: 5/7
  1178 | D:2      | Noticed Sigmund
  1293 | D:2      | Killed Sigmund
  1294 | D:2      | Reached skill level 5 in Earth Magic
  1294 | D:2      | Reached XP level 3. HP: 26/26 MP: 5/8
  1294 | D:2      | Reached XP level 4. HP: 33/33 MP: 5/9
  1294 | D:2      | Reached XP level 5. HP: 38/38 MP: 5/10
  1303 | D:2      | Learned a level 3 spell: Passwall
  1307 | D:2      | Learned a level 3 spell: Stone Arrow
  1335 | D:2      | Noticed Terence
  1338 | D:2      | Killed Terence
  2436 | D:3      | Reached skill level 6 in Earth Magic
  2598 | D:3      | Noticed Natasha
  2601 | D:3      | Killed Natasha
  2602 | D:3      | Reached XP level 6. HP: 45/45 MP: 11/11
  2662 | D:3      | Noticed Natasha
  2667 | D:3      | Killed Natasha
  2841 | D:3      | Noticed Natasha
  2847 | D:3      | Killed Natasha
  2956 | D:3      | Noticed Grinder
  2959 | D:3      | Killed Grinder
  2960 | D:3      | Reached skill level 7 in Earth Magic
  2963 | D:3      | Learned a level 2 spell: Sublimation of Blood
  3009 | D:3      | Noticed Robin
  3017 | D:3      | Reached XP level 7. HP: 40/50 MP: 13/13
  3022 | D:3      | Killed Robin
  3338 | D:4      | Found a staircase to the Ecumenical Temple.
  3349 | D:4      | Reached skill level 8 in Earth Magic
  3443 | D:4      | Reached skill level 1 in Necromancy
  3449 | D:4      | Identified the +1 plate armour "Zyheox" {rC+ Will+}
  3695 | D:4      | Reached skill level 1 in Fighting
  4054 | D:5      | Entered Level 5 of the Dungeon
  4291 | D:5      | Reached XP level 8. HP: 49/63 MP: 14/14
  4742 | D:5      | Noticed Blork the orc
  4744 | D:5      | Killed Blork the orc
  5184 | D:5      | Learned a level 4 spell: Brom's Barrelling Boulder
  5878 | D:6      | Reached skill level 5 in Spellcasting
  5882 | D:6      | Learned a level 3 spell: Swiftness
  6280 | D:7      | Reached skill level 1 in Air Magic
  6280 | D:7      | Reached XP level 9. HP: 71/71 MP: 20/20
  6286 | D:7      | Reached skill level 1 in Conjurations
  6444 | D:7      | Reached skill level 1 in Evocations
  7050 | D:8      | Noticed Prince Ribbit
  7060 | D:8      | Killed Prince Ribbit
  7359 | D:8      | Reached skill level 5 in Evocations
  7362 | D:8      | Reached skill level 1 in Staves
  8022 | D:9      | Reached XP level 10. HP: 60/78 MP: 19/21
  8028 | D:8      | Reached skill level 5 in Staves
  8590 | D:9      | Found a staircase to the Lair.
  8788 | D:10     | Entered Level 10 of the Dungeon
  8814 | D:10     | Found a staircase to the Orcish Mines.
  8887 | D:10     | Noticed Erolcha
  8933 | Abyss:1  | Cast into level 1 of the Abyss (Erolcha)
  8969 | Abyss:1  | Noticed a bone dragon
  9264 | Abyss:1  | Noticed a purple very ugly thing
  9268 | Abyss:1  | Noticed a purple draconian
  9277 | Abyss:1  | Noticed a smoke demon
  9277 | Abyss:1  | Noticed a smoke demon
  9279 | Abyss:1  | HP: 2/78 [burnt (8)]
  9279 | Abyss:1  | Noticed a purple ugly thing
  9284 | Abyss:1  | HP: 3/78 [burnt (10)]
  9284 | Abyss:1  | Slain by a smoke demon

Illustrated notes

Levels and vault maps discovered:
D:1:      amcnicky_arrival_flooded_fountain, layout_basic,
          chequers_serial_rivers_small_3
D:2:      layout_basic, basic_ecumenical_altar, uniq_terence, uniq_sigmund
D:3:      layout_basic, uniq_natasha, uniq_robin, uniq_grinder
D:4:      layout_basic, minmay_temple_entry_butterflies
D:5:      kennysheep_six_static_rooms, layout_basic,
          mainiacjoe_overflow_boulevard, nicolae_fountain_basement,
          uniq_blork_the_orc
D:6:      layout_basic, hangedman_decor_growths
D:7:      layout_rooms, nicolae_overflow_hidden_temple, minmay_fountain_box
D:8:      layout_basic, trog_butcher_becter, uniq_prince_ribbit1
D:9:      layout_rooms, mainiacjoe_overflow_cross_hatched, dpeg_oklobed_lair
D:10:     layout_irregular_city, david_orc_3, kennysheep_potato, uniq_erolcha,
          uniq_urug
Abyss:1:  base: D:3, due_exit_kobolds

Skill      XL: |  1  2  3  4  5  6  7  8  9 10 |
---------------+-------------------------------+-----
Spellcasting   | 2 5 |  5.1
Earth Magic    | 3 5 6 7 8 |  8.0
Necromancy     | 2 |  2.0
Dodging        | 3 4 |  4.5
Fighting       | 3 4 |  4.0
Air Magic      | 1 2 |  2.0
Conjurations   | 2 |  2.0
Evocations     | 5 |  5.0
Staves         | 4 7 |  7.0
Stealth        | |  1.7

Action                     |  1- 3 |  4- 6 |  7- 9 | 10-12 || total
---------------------------+-------+-------+-------+-------++-------
  Melee: Dagger            |     1 |       |       |       ||     1
         Halberd           |       |       |     1 |       ||     1
         Staff             |       |       |    22 |       ||    22
  Throw: Stone             |     1 |       |       |       ||     1
         Dart              |       |       |     2 |       ||     2
   Cast: Sandblast         |    38 |    78 |   197 |    46 ||   359
         Brom's Barrelling |       |       |    16 |    13 ||    29
         Stone Arrow       |       |       |     2 |       ||     2
    Use: Scroll            |       |     5 |     7 |     3 ||    15
         Potion            |       |       |     1 |     3 ||     4
 Armour: Robe              |     4 |    21 |     5 |       ||    30
         Animal skin       |       |       |    44 |       ||    44
         Steam dragon scal |       |       |    42 |    52 ||    94
  Dodge: Dodged            |     2 |    10 |    75 |    46 ||   133

Table legend: (Time is in decaauts)
 A = Elapsed time spent in this place.
 B = Non-inter-level travel time spent in this place.
 C = Inter-level travel time spent in this place.
 D = Time resting spent in this place.
 E = Time spent auto-exploring this place.
 F = Levels seen in this place.
 G = Mean time per level.
                   A        B        C        D        E       F      G
               +--------+--------+--------+--------+--------+-----+--------+
         Total |   9466 |   9243 |    223 |    654 |   7193 |  11 |  860.5 |
       Dungeon |   9109 |   8886 |    223 |    456 |   7090 |  10 |  910.9 |
         Abyss |    357 |    357 |      0 |    198 |    103 |   1 |  357.0 |
               +--------+--------+--------+--------+--------+-----+--------+

Top non-repeatable levels by time:
     D:1: 1297 daAuts
     D:5: 1242 daAuts
     D:8: 1182 daAuts
     D:2: 1090 daAuts
     D:6: 1028 daAuts
     D:3: 946 daAuts
     D:4: 795 daAuts
     D:9: 722 daAuts
     D:7: 658 daAuts
 Abyss:1: 357 daAuts
    D:10: 144 daAuts
